 Dungeon Crawl Stone Soup version 0.25-a0-513-ge77a69270c (webtiles) character file.

Game seed: 6764947246422203657, levelgen mode: classic

6718 EnegeticOcto the Cleaver (level 10, 0/94 HPs)
             Began as a Deep Dwarf Fighter on Feb 16, 2020.
             Was a Priest of Makhleb.
             Slain by a very large slime creature (53 damage)
             ... on level 10 of the Dungeon.
             The game lasted 00:04:17 (5949 turns).

EnegeticOcto the Cleaver (Deep Dwarf Fighter)       Turns: 5949, Time: 00:04:18

Health: 0/94       AC: 15    Str: 23    XL:     10   Next: 74%
Magic:  6/6        EV: 10    Int: 18    God:    Makhleb [***...]
Gold:   336        SH: 11    Dex: 15    Spells: 9/9 levels left

rFire    . . .     SeeInvis .   a - +0 war axe
rCold    . . .     Gourm    .   c - +0 kite shield
rNeg     + . .     Faith    .   v - +1 chain mail {MR+}
rPois    .         Spirit   .   (no helmet)
rElec    +         Reflect  .   y - +0 cloak "Jadulidd" {*Drain rElec Int+9 Dex+3} (curse)
rCorr    .         Harm     .   h - +1 pair of gloves
MR       ++...                  (no boots)
Stlth    ..........             (no amulet)
HPRegen  0.00/turn              (no ring)
MPRegen  0.10/turn              F - ring of positive energy

@: non-regenerating
A: damage resistance, heal wounds, sense surroundings 2, no regeneration
a: Heal Wounds, Minor Destruction, Lesser Servant of Makhleb, Renounce Religion


You were on level 10 of the Dungeon.
You worshipped Makhleb.
Makhleb was most pleased with you.
You were not hungry.

You visited 2 branches of the dungeon, and saw 11 of its levels.

You collected 336 gold pieces.

Inventory:

Hand Weapons
 a - a +0 war axe (weapon)
Armour
 c - a +0 kite shield (worn)
 h - a +1 pair of gloves (worn)
 j - a +0 chain mail
 v - a +1 chain mail of magic resistance (worn)
 w - a +2 cloak of poison resistance
 y - the cursed +0 cloak "Jadulidd" (worn) {*Drain rElec Int+9 Dex+3}
   (You found it on level 7 of the Dungeon)

   It affects your intelligence (+9).
   It affects your dexterity (+3).
   It insulates you from electricity.
   It causes draining when unequipped.
   If you remove this armour, your AC will decrease by 2 (15 -> 13).
   It has a curse placed upon it.
Jewellery
 F - a ring of positive energy (right hand)
Wands
 o - a wand of polymorph (12)
 C - a wand of enslavement (12)
Scrolls
 b - 3 scrolls of fear
 f - 2 scrolls of blinking {@r3}
 l - 3 scrolls of remove curse {@r6}
 u - 5 scrolls of teleportation {@r2}
 A - 2 scrolls of identify {@r1}
 D - a scroll of immolation {@r4}
 E - a scroll of enchant armour
Potions
 d - a potion of might {@q3}
 g - a potion of heal wounds {@q2}
 k - a potion of invisibility
 m - a potion of agility {unknown}
 n - a potion of berserk rage {unknown}
 p - 2 potions of degeneration
 q - a potion of flight {unknown}
 r - 2 potions of haste {unknown}
 s - 2 potions of mutation {unknown}
 t - a potion of lignification {unknown}
 x - a potion of curing {unknown}
 z - a potion of ambrosia {unknown}
 B - a potion of cancellation {unknown}
Comestibles
 e - 11 rations


   Skills:
 * Level 7.4 Fighting
 * Level 9.5 Axes
 + Level 7.2 Armour
 + Level 6.4 Dodging
 + Level 7.2 Shields
 * Level 8.3 Invocations


You had 9 spell levels left.
You didn't know any spells.
Your spell library contained the following spells:

 Spells                   Type           Power        Failure   Level  Hunger
 Corona                   Hex            #......      98%         1    ##.....
 Sting                    Tmut/Pois      #...         98%         1    ##.....
 Ensorcelled Hibernation  Hex/Ice        #.....       99%         2    ###....
 Poisonous Vapours        Pois/Air       #.....       99%         2    ###....
 Confusing Touch          Hex            #.......     100%        3    ####...
 Dazzling Flash           Conj/Hex       #.....       100%        3    ####...
 Ignite Poison            Fire/Tmut/Pois #.......     100%        3    ####...
 Mephitic Cloud           Conj/Pois/Air  #.......     100%        3    ####...
 Tukima's Dance           Hex            #.......     100%        3    ####...
 Olgreb's Toxic Radiance  Pois           #.......     100%        4    #####..


Dungeon Overview and Level Annotations

Branches:
Dungeon (10/15)            Temple (1/1) D:5            Lair (0/6) D:8
    Orc: D:9-12

Altars:
Ashenzari
Cheibriados
Dithmenos
Elyvilon
Fedhas
Gozag
Makhleb
Nemelex Xobeh
Okawaru
Qazlal
Ru
Trog
Uskayaw
Xom
Yredelemnul
The Shining One


Innate Abilities, Weirdness & Mutations

You are resistant to damage.
You can heal yourself by infusing magical energy.
You passively map the area around you.
You do not regenerate.


Message History

You closely miss the ice beast.
The ice beast hits you but does no damage.
You barely miss the ice beast.
The ice beast hits you but does no damage.
You hit the ice beast.
The ice beast is lightly wounded.
You block the ice beast's attack.
You hit the ice beast.
The ice beast is lightly wounded.
The ice beast hits you. The ice beast freezes you!
You hit the ice beast but do no damage.
The ice beast is lightly wounded.
The ice beast misses you.
You hit the ice beast.
The ice beast is lightly wounded.
The ice beast hits you but does no damage.
You hit the ice beast.
The ice beast is moderately wounded.
The ice beast barely misses you.
You slash the ice beast!
The ice beast is severely wounded.
The ice beast hits you but does no damage.
You closely miss the ice beast.
The ice beast is severely wounded.
You block the ice beast's attack.
The ice beast hits you but does no damage.
You hit the ice beast.
The ice beast is severely wounded.
The ice beast hits you but does no damage.
You closely miss the ice beast.
The ice beast is severely wounded.
You block the ice beast's attack.
You barely miss the ice beast.
The ice beast is severely wounded.
The ice beast completely misses you.
You slash the ice beast!
You kill the ice beast!
Makhleb accepts your kill. 2 slime creatures come into view.
The slime creature quivers. x2
The slime creature moves out of view.
A slime creature is nearby!
The slime creature closely misses you.
You hit the slime creature.
The slime creature is lightly wounded.
The slime creature closely misses you.
Two slime creatures merge to form a large slime creature.
You slash the large slime creature!
The large slime creature is lightly wounded.
Your shield and chain mail prevent you from hitting the large slime creature.
The large slime creature is lightly wounded.
You hit the large slime creature.
The large slime creature is lightly wounded.
A large slime creature splits.
There are monsters nearby!
There are monsters nearby!
You slash the slime creature!
The slime creature is moderately wounded.
You slash the slime creature! You block the slime creature's attack.
The slime creature hits you.
You slice the slime creature!!
The slime creature is heavily wounded.
You hit the slime creature.
The slime creature hits you but does no damage.
The slime creature hits you!
You barely miss the slime creature.
The slime creature is heavily wounded.
You slash the slime creature! You block the slime creature's attack.
The slime creature hits you!
You slice the slime creature!!
The slime creature is almost dead.
You slash the slime creature! You block the slime creature's attack.
A slime creature comes into view.
The slime creature barely misses you.
Two slime creatures merge to form a large slime creature.
You slash the slime creature!
The slime creature is almost dead.
You hit the large slime creature.
A slime creature comes into view.
The slime creature hits you!
You barely miss the slime creature.
The slime creature is almost dead.
You hit the large slime creature.
Two slime creatures merge to form a very large slime creature.
The slime creature hits you.
You hit the slime creature.
You kill the slime creature!
Makhleb accepts your kill.
You feel better.
You hit the very large slime creature. You hit the very large slime creature.
The very large slime creature is moderately wounded.
The very large slime creature hits you!
You hit the very large slime creature but do no damage.
The very large slime creature is moderately wounded.
You block the very large slime creature's attack.
You slash the very large slime creature!
The very large slime creature is moderately wounded.
The very large slime creature hits you!!!
Ouch! That really hurt!
You die...

* * * # ### #
#.######### ,,
#######....##...##,, #*
#.....#.....#....#
.##,,*
......+.....#....#
...#,
......#.....#....#....#
*
#.....##....'...@J....#
#.<...##...##...##....#
* ...........##...#
,...#
............#....+ ..#
#.....##....#....#,
,##, #.....##....#....#
, , *
...........####+## ,
...........#* * ,
......######* + , ,


You could see a very large slime creature.

Vanquished Creatures
  An unseen horror (D:10)
  Maggie (D:6)
  A slime creature (D:10)
  3 hornets (D:8)
  3 yaks (D:9)
  A hungry ghost (D:10)
  Menkaure (D:6)
  2 soldier ants (D:8)
  Edmund (D:6)
  A porcupine (D:8)
  Duvessa (D:5)
  2 ice beasts
  4 ogres
  2 orc warriors
  3 phantoms
  3 black bears
  2 sky beasts
  2 centaurs
  A crocodile (D:8)
  A big kobold (D:9)
  Blork the orc (D:5)
  2 bullfrogs
  Dowan (D:5)
  2 gnoll sergeants
  A wyvern skeleton (D:6)
  4 scorpions
  A water moccasin skeleton (D:6)
  3 howler monkeys (D:7)
  5 wights (D:9)
  A centaur zombie (D:5)
  2 crimson imps
  9 orc wizards
  3 hounds (D:4)
  A jelly (D:7)
  Crazy Yiuf (D:4)
  A bullfrog skeleton (D:9)
  6 orc priests
  3 iguanas
  9 worker ants
  2 worker ant zombies (D:5)
  9 gnolls
  7 adders
  A shadow imp (D:5)
  An ooze (D:4)
  An adder zombie (D:5)
  An adder skeleton (D:4)
  A dart slug (D:3)
  2 worms
  4 leopard geckos
  22 orcs
  3 giant cockroaches
  2 goblins (D:3)
  5 hobgoblins
  5 jackals (D:5)
  4 kobolds
  4 quokkas
  4 ball pythons
  3 bats
  3 frilled lizards
  A jackal skeleton (D:4)
  A leopard gecko skeleton (D:4)
  A quokka skeleton (D:5)
  2 rats
  2 fungi (D:8)
183 creatures vanquished.

Vanquished Creatures (others)
  A fungus (D:8)
  A plant (D:8)
2 creatures vanquished.

Grand Total: 185 creatures vanquished

Notes
Turn   | Place    | Note
-------+----------+-------------------------------------------
     0 | D:1      | EnegeticOcto the Deep Dwarf Fighter began the quest for the
                  | Orb.
     0 | D:1      | Reached XP level 1. HP: 20/20 MP: 1/1
    78 | D:2      | Reached XP level 2. HP: 24/27 MP: 2/2
   523 | D:3      | Found a shattered altar of Ashenzari.
   904 | D:3      | Reached skill level 1 in Dodging
   904 | D:3      | Reached XP level 3. HP: 12/34 MP: 3/3
   954 | D:4      | Reached skill level 3 in Axes
   983 | D:4      | Reached XP level 4. HP: 32/42 MP: 4/4
  1017 | D:4      | Reached XP level 5. HP: 38/49 MP: 4/4
  1044 | D:4      | Reached skill level 4 in Axes
  1125 | D:4      | Reached XP level 6. HP: 38/56 MP: 5/5
  1629 | D:4      | Found a runed translucent door.
  1630 | D:4      | Noticed Crazy Yiuf
  1801 | D:4      | Killed Crazy Yiuf
  1801 | D:4      | Reached skill level 5 in Axes
  1856 | D:5      | Entered Level 5 of the Dungeon
  1856 | D:5      | Noticed Duvessa
  1856 | D:5      | Noticed Dowan
  1876 | D:5      | Killed Duvessa
  1876 | D:5      | Reached XP level 7. HP: 51/63 MP: 5/5
  1895 | D:5      | Killed Dowan
  1952 | D:5      | Reached skill level 5 in Shields
  1956 | D:5      | Reached skill level 5 in Armour
  1961 | D:5      | Reached skill level 6 in Axes
  2001 | D:5      | Got a crude ring mail
  2012 | D:5      | Identified the +1 ring mail of the Endless Expanse {rElec}
                  | (You found it on level 5 of the Dungeon)
  2057 | D:5      | Found a white marble altar of Elyvilon.
  2070 | D:5      | Noticed Blork the orc
  2086 | D:5      | Killed Blork the orc
  2086 | D:5      | Reached XP level 8. HP: 37/73 MP: 4/4
  2103 | D:5      | Found a staircase to the Ecumenical Temple.
  2115 | Temple   | Entered the Ecumenical Temple
  2222 | Temple   | Became a worshipper of Makhleb the Destroyer
  2653 | D:6      | Reached skill level 1 in Invocations
  3161 | D:6      | Found an opulent altar of Gozag.
  3222 | D:6      | Found a sparkling altar of Nemelex Xobeh.
  3278 | D:6      | Noticed Maggie
  3293 | D:6      | Killed Maggie
  3329 | D:6      | Reached skill level 5 in Fighting
  3417 | D:6      | Noticed Menkaure
  3425 | D:6      | Killed Menkaure
  3425 | D:6      | Reached skill level 7 in Axes
  3497 | D:6      | Noticed Edmund
  3515 | D:6      | Killed Edmund
  3608 | D:7      | Gained mutation: You passively map the area around you.
                  | [Deep Dwarf growth]
  3608 | D:7      | Reached XP level 9. HP: 69/81 MP: 4/6
  3672 | D:7      | Reached * piety under Makhleb
  3792 | D:7      | Reached skill level 5 in Dodging
  3792 | D:7      | Reached skill level 5 in Invocations
  3797 | D:7      | Got an ancient cloak
  3808 | D:7      | Identified the cursed +0 cloak "Jadulidd" {*Drain rElec
                  | Int+9 Dex+3} (You found it on level 7 of the Dungeon)
  4391 | D:8      | Reached skill level 8 in Axes
  4480 | D:8      | Found a staircase to the Lair.
  4529 | D:8      | Reached ** piety under Makhleb
  4639 | D:8      | Paralysed by a hornet for 1 turns
  4646 | D:8      | Reached XP level 10. HP: 78/92 MP: 6/6
  5206 | D:9      | Reached skill level 9 in Axes
  5263 | D:9      | Reached *** piety under Makhleb
  5736 | D:10     | Entered Level 10 of the Dungeon
  5832 | D:10     | Killed an unseen horror
  5949 | D:10     | Slain by a very large slime creature

Levels and vault maps discovered:
D:1:      dpeg_arrival_stonehenge_8_columns, layout_loops_ring
D:2:      minmay_wonky_spiral, layout_loops_ring, first_ration,
          minmay_misc_feat_alley
D:3:      layout_basic, evilmike_ruin_ashenzari
D:4:      layout_basic, kennysheep_donut, saegor_snake_ambush,
          uniq_crazy_yiuf_cottage
D:5:      layout_cave_pools, minmay_temple_entry_statues_fountains,
          serial_park_tiny_pond, elyvilon_altar_3, uniq_duvessa,
          uniq_blork_the_orc
D:6:      layout_basic, nemelex_xobeh_ov_fountains_minmay, grunt_gozag_statues,
          uniq_maggie, uniq_menkaure, uniq_edmund
D:7:      layout_basic
D:8:      layout_basic, grunt_lair_entry_orc_guard_hut, serial_corexii_hall,
          corexii_hall_statues_l, corexii_hall_statues_u,
          hangedman_pestilent_swarm
D:9:      layout_irregular_city, nrook_mini_vaults
D:10:     layout_gridville, chequers_decorated_corner,
          nicolae_tso_swordbearing_angel
Temple:   kilobyte_greek_temple

Skill      XL: |  1  2  3  4  5  6  7  8  9 10 |
---------------+-------------------------------+-----
Fighting       | 3 4 5 6 7 |  7.4
Dodging        | 1 2 3 4 5 6 |  6.4
Axes           | 3 4 5 6 7 8 9 |  9.5
Armour         | 4 5 6 7 |  7.2
Shields        | 4 5 6 7 |  7.2
Invocations    | 4 6 8 |  8.3

Action                   |  1- 3 |  4- 6 |  7- 9 | 10-12 || total
-------------------------+-------+-------+-------+-------++-------
Melee: War axe           |    80 |   127 |   360 |   232 ||   799
 Abil: Heal Wounds       |     1 |     3 |    19 |     5 ||    28
  Use: Scroll            |       |       |    11 |     3 ||    14
       Potion            |       |       |     1 |       ||     1
  Eat: Chunk             |       |     4 |     9 |     4 ||    17
       Ration            |       |       |       |     3 ||     3
Armor: Scale mail        |    28 |       |       |       ||    28
       Chain mail        |    27 |    83 |   243 |   156 ||   509
Dodge: Dodged            |    29 |    44 |   160 |    98 ||   331
Block: Kite shield       |    43 |    78 |   254 |   171 ||   546

Table legend:
 A = Non-vault XP
 B = Vault XP
 C = Vault XP percentage of total XP
 D = Non-vault monster count
 E = Vault monster count
 F = Vault count percentage of total count
                 A         B        C        D         E       F
            +---------+---------+-------+---------+---------+-------
      Total |    7034 |    2564 |  26.7 |     162 |      19 |  10.5
            +---------+---------+-------+---------+---------+-------
        D:1 |       6 |       0 |   0.0 |       4 |       0 |   0.0
        D:2 |       6 |       0 |   0.0 |       3 |       0 |   0.0
        D:3 |      29 |       0 |   0.0 |      14 |       0 |   0.0
        D:4 |     611 |      47 |   7.1 |      20 |       4 |  16.7
        D:5 |     558 |     323 |  36.7 |      27 |       3 |  10.0
        D:6 |     354 |     714 |  66.9 |      11 |       3 |  21.4
        D:7 |    1301 |       0 |   0.0 |      27 |       0 |   0.0
        D:8 |    1073 |    1480 |  58.0 |      16 |       9 |  36.0
        D:9 |    1726 |       0 |   0.0 |      35 |       0 |   0.0
       D:10 |    1370 |       0 |   0.0 |       5 |       0 |   0.0
            +---------+---------+-------+---------+---------+-------
